 Dungeon Crawl Stone Soup version 0.29.1-13-g9f3cf754e1 (webtiles) character file.

Game seed: 15030108173088246932

6627 MisterFreud the Nimble (level 10, 0/67 HPs)
             Began as a Felid Berserker on Jan 30, 2023.
             Was an Elder of Trog.
             Slain by a freezing wraith (4 damage)
             ... led by a death knight
             ... on level 13 of the Dungeon.
             The game lasted 00:14:52 (15217 turns).

MisterFreud the Nimble (Felid Berserker)           Turns: 15217, Time: 00:14:54

Health: 0/67       AC:  6    Str: 13    XL:     10   Next: 72%
Magic:  0/11       EV: 28    Int:  8    God:    Trog [****..]
Gold:   638        SH:  0    Dex: 21    Spells: 9/9 levels left
                                        Lives:  0   Deaths: 3

rFire   . . .      SeeInvis +     - Unarmed
rCold   . . .      Faith    .   (shield unavailable)
rNeg    . . .      Spirit   +   (body armour unavailable)
rPois   +          Reflect  .   (helmet unavailable)
rElec   .          Harm     .   (cloak unavailable)
rCorr   .          Rampage  .   (gloves unavailable)
Will    +....                   (boots unavailable)
Stlth   ..........              t - amulet of guardian spirit
HPRegen 0.21/turn               u - +4 ring of protection
MPRegen 0.12/turn               g - ring of poison resistance

@: berserking (expiring), slowed, quick
A: very small, claws 1, fangs 3, see invisible, speed 1, shaggy fur 2, stealthy
paws, no weapons or thrown items, no armour, multi-lived
a: Renounce Religion, Berserk, Trog's Hand, Brothers in Arms


You were on level 13 of the Dungeon.
You worshipped Trog.
Trog was greatly pleased with you.
You visited 1 branch of the dungeon, and saw 13 of its levels.

You collected 659 gold pieces.
You spent 21 gold pieces at shops.

Inventory:

Jewellery
 a - a ring of magical power
 g - a ring of poison resistance (right paw)
 i - an amulet of magic regeneration
 t - an amulet of guardian spirit (around neck)
 u - a +4 ring of protection (left paw)
 x - a ring of resist corrosion
 B - a +6 ring of intelligence
Wands
 j - a wand of polymorph (5)
 q - a wand of acid (11)
 r - a wand of digging (10)
 s - a wand of roots (20)
 y - a wand of charming (9)
Scrolls
 d - 7 scrolls of fog
 l - 2 scrolls of fear
 o - 2 scrolls of teleportation
 p - a scroll of identify
 v - a scroll of magic mapping
 w - 3 scrolls of poison
 C - a scroll of silence {unknown}
Potions
 b - 4 potions of resistance
 c - 3 potions of curing
 e - a potion of cancellation
 f - 5 potions of heal wounds
 h - a potion of flight
 k - a potion of magic
 m - 4 potions of invisibility
 n - a potion of attraction
 z - 2 potions of lignification
 A - a potion of haste


   Skills:
 - Level 6.0 Fighting
 - Level 12.0 Dodging
 - Level 10.0 Stealth
 - Level 10.0 Unarmed Combat
 + Level 11.9 Evocations


You had 9 spell levels left.
You didn't know any spells.
Your spell library was empty.

Dungeon Overview and Level Annotations

Branches:
Dungeon (13/15)            Temple (0/1) D:6            Lair (0/5) D:11
    Orc (0/2) D:11
 Vaults: D:13-14

Altars:
Ashenzari
Cheibriados
Fedhas
Kikubaaqudgha
Okawaru
Uskayaw
Wu Jian
The Shining One

Shops:
D:5 *

Annotations:
D:11 exclusion: 3 oklob plants


Innate Abilities, Weirdness & Mutations

You have sharp claws.
You have razor-sharp teeth.
You have supernaturally acute eyesight. (SInv)
You cover ground quickly. (Speed+)
You are covered in thick fur. (AC +2)
Your paws help you pounce on unaware monsters.
You are incapable of wielding weapons or throwing items.
You cannot wear armour.
You gain extra lives every three experience levels.


Message History

The freezing wraith completely misses you.
The freezing wraith closely misses you.
The freezing wraith completely misses you.
The freezing wraith misses you.
A red film seems to cover your vision as you go berserk!
You feel yourself moving faster!
You feel mighty!
The freezing wraith completely misses you.
The freezing wraith hits you. The freezing wraith drains your vigour!
You feel yourself slow down. The freezing wraith misses you. x2
You claw the freezing wraith!
The freezing wraith is severely damaged.
You barely miss the freezing wraith.
The freezing wraith is severely damaged.
The freezing wraith closely misses you.
The freezing wraith completely misses you. x2
The freezing wraith misses you.
You claw the freezing wraith!
You destroy the freezing wraith!
Trog accepts your kill.
The freezing wraith completely misses you.
The freezing wraith hits you!
You barely miss the freezing wraith. The freezing wraith misses you.
The freezing wraith barely misses you.
You closely miss the freezing wraith. You claw the freezing wraith.
The freezing wraith is lightly damaged.
The freezing wraith misses you. The freezing wraith closely misses you.
You barely miss the freezing wraith. You scratch the freezing wraith.
The freezing wraith is lightly damaged.
The freezing wraith completely misses you.
The freezing wraith hits you. The freezing wraith drains your vigour!
You feel as though you will be slow longer.
You barely miss the freezing wraith.
The freezing wraith is lightly damaged.
The freezing wraith hits you!
* * * LOW HITPOINT WARNING * * *
The freezing wraith freezes you!
* * * LOW HITPOINT WARNING * * *
The freezing wraith hits you.
You die...

#......# ###'####
#...## ###..#
######'# #######
#.......
###.....######.......
#.'W....#....'.......
#.@...#.####.......
#...).'.# #.......
#.....### #.......
#.....# #.......
####+## #^......
#....... ######+#


You could see a freezing wraith.

Vanquished Creatures
  Erica (D:11)
  A boulder beetle (D:12)
  A death knight (D:13)
  A centaur warrior (D:13)
  2 cyclopes (D:11)
  A gargoyle (D:12)
  2 kobold demonologists (D:13)
  A freezing wraith (D:13)
  3 trolls
  A hornet (D:9)
  A shadow (D:11)
  6 yaks (D:10)
  A wraith (D:13)
  A wyvern (D:9)
  2 vampires (D:11)
  A basilisk (D:12)
  2 steam dragons
  9 vampire mosquitoes
  An acid dragon (D:9)
  7 orc warriors
  3 ice beasts
  4 black bears
  4 ogres
  6 centaurs
  A phantom (D:5)
  2 kobold brigands
  A necrophage (D:5)
  A gnoll sergeant (D:9)
  3 scorpions
  4 wights (D:6)
  4 killer bees
  7 howler monkeys
  12 orc priests
  6 hounds
  6 jellies
  A gnoll bouda (D:5)
  4 iguanas
  10 orc wizards
  An adder (D:2)
  3 gnolls (D:9)
  A shadow imp (D:4)
  2 white imps (D:6)
  3 ufetubi (D:5)
  A worm (D:3)
  A dart slug (D:5)
  41 orcs
  5 bats
  6 endoplasms
  10 giant cockroaches
  7 goblins
  6 hobgoblins
  A jackal (D:1)
  10 quokkas
  9 ball pythons
  5 frilled lizards
  12 kobolds
  3 rats
251 creatures vanquished.

Vanquished Creatures (others)
  4 plants (D:2)
4 creatures vanquished.

Grand Total: 255 creatures vanquished

Notes
Turn   | Place    | Note
-------+----------+-------------------------------------------
     0 | D:1      | MisterFreud the Felid Berserker began the quest for the
                  | Orb.
     0 | D:1      | Reached XP level 1. HP: 10/10 MP: 2/2
   322 | D:1      | Reached skill level 1 in Stealth
   538 | D:1      | Reached XP level 2. HP: 13/14 MP: 3/3
  1299 | D:1      | Reached ** piety under Trog
  1483 | D:1      | Reached XP level 3. HP: 17/17 MP: 4/4
  2039 | D:2      | Found a faded altar of an unknown god.
  2039 | D:2      | You fall into a shaft and drop 1 floor!
  2747 | D:2      | Reached XP level 4. HP: 14/21 MP: 5/5
  3753 | D:3      | Found a snail-covered altar of Cheibriados.
  3800 | D:3      | Reached *** piety under Trog
  3972 | D:3      | Killed from afar by an orc priest
  3973 | D:3      | Reached XP level 3. HP: -4/17 MP: 13/13
  4015 | D:3      | Reached XP level 4. HP: 21/21 MP: 5/5
  4255 | D:3      | Reached skill level 5 in Stealth
  4388 | D:4      | Noticed a black bear
  4398 | D:4      | Killed a black bear
  4399 | D:4      | Reached skill level 5 in Unarmed Combat
  4399 | D:4      | Reached XP level 5. HP: 24/24 MP: 6/6
  4536 | D:5      | Entered Level 5 of the Dungeon
  4883 | D:4      | Noticed a black bear
  4896 | D:4      | Killed a black bear
  4897 | D:4      | Gained mutation: You are covered in thick fur. (AC +2)
                  | [Felid growth]
  4897 | D:4      | Reached XP level 6. HP: 8/28 MP: 7/7
  5335 | D:4      | Reached skill level 5 in Dodging
  5840 | D:5      | Reached skill level 6 in Dodging
  5847 | D:5      | Reached XP level 7. HP: 31/31 MP: 8/8
  6001 | D:5      | Found Uttem's Assorted Antiques.
  6004 | D:5      | Bought a scroll labelled UNYSIO RELI for 21 gold pieces
  6076 | D:5      | Reached skill level 7 in Dodging
  6406 | D:5      | Reached skill level 8 in Dodging
  6734 | D:5      | Reached skill level 9 in Dodging
  6740 | D:5      | Reached XP level 8. HP: 34/34 MP: 9/9
  6744 | D:5      | Reached skill level 10 in Dodging
  7110 | D:5      | Found an ornate altar of the Wu Jian Council.
  7173 | D:5      | Reached skill level 5 in Fighting
  7449 | D:6      | Found a staircase to the Ecumenical Temple.
  8050 | D:6      | Found an iron altar of Okawaru.
  8162 | D:6      | Reached XP level 9. HP: 41/41 MP: 10/10
  8379 | D:7      | Reached **** piety under Trog
  8586 | D:7      | Found an ancient bone altar of Kikubaaqudgha.
  8586 | D:7      | Found a hide-covered altar of Uskayaw.
  8594 | D:7      | Found a blossoming altar of Fedhas.
  8596 | D:7      | Found a broken altar of Ashenzari.
  8598 | D:7      | Found a glowing golden altar of the Shining One.
  8951 | D:7      | Reached skill level 11 in Dodging
  9683 | D:8      | Noticed a skeletal warrior
  9685 | D:8      | Noticed a skeletal warrior
  9685 | D:8      | Noticed a skeletal warrior
  9686 | D:8      | Noticed a skeletal warrior
  9972 | D:8      | Noticed a skeletal warrior
 10025 | D:7      | Mangled by a skeletal warrior
 10026 | D:7      | Reached XP level 8. HP: -9/38 MP: 18/18
 10034 | D:7      | You fall into a shaft and drop 2 floors!
 10236 | D:9      | Noticed a hornet
 10514 | D:9      | Killed a hornet
 10669 | D:9      | Reached XP level 9. HP: 41/41 MP: 10/10
 10960 | D:9      | Reached skill level 12 in Dodging
 11485 | D:10     | Entered Level 10 of the Dungeon
 11523 | D:10     | HP: 3/61 [orc priest/divine providence (8)]
 11831 | D:10     | Reached skill level 10 in Stealth
 12006 | D:10     | Noticed a troll
 12012 | D:10     | Killed a troll
 12063 | D:10     | Noticed a troll
 12068 | D:10     | Killed a troll
 12210 | D:10     | Reached XP level 10. HP: 34/45 MP: 8/11
 12218 | D:10     | Reached skill level 10 in Unarmed Combat
 12218 | D:10     | Reached skill level 1 in Evocations
 12936 | D:11     | Noticed an oklob plant
 12959 | D:11     | Noticed a cyclops
 12966 | D:11     | Killed a cyclops
 12967 | D:11     | Reached skill level 5 in Evocations
 13001 | D:11     | Noticed Erica
 13016 | D:11     | Killed Erica
 13508 | D:11     | Noticed an oklob plant
 13517 | D:11     | Found a staircase to the Lair.
 14157 | D:11     | Noticed a cyclops
 14164 | D:11     | Killed a cyclops
 14655 | D:11     | Found a staircase to the Orcish Mines.
 14717 | D:11     | Noticed an oklob plant
 14777 | D:12     | Reached XP level 11. HP: 48/48 MP: 12/12
 14814 | D:12     | Noticed a boulder beetle
 14834 | D:12     | Killed a boulder beetle
 14835 | D:12     | Reached skill level 10 in Evocations
 14843 | D:12     | Noticed a two-headed ogre
 14844 | D:12     | Noticed a two-headed ogre
 14852 | D:12     | Noticed a five-headed hydra
 14995 | D:13     | Noticed a death knight
 14996 | D:13     | Noticed a phantasmal warrior
 15001 | D:13     | Killed a death knight
 15011 | D:13     | Demolished by a phantasmal warrior
 15012 | D:13     | Reached XP level 10. HP: -17/67 MP: 0/11
 15036 | D:13     | Noticed a centaur warrior
 15055 | D:13     | Killed a centaur warrior
 15217 | D:13     | Slain by a freezing wraith

Illustrated notes

Levels and vault maps discovered:
D:1:      dpeg_arrival_boxes_within_box, layout_basic, minmay_small_reverse_x
D:2:      layout_basic, shapermc_ecumenical_altar_mp_ritualfount
D:3:      layout_loops_ring, slow_altar_1, serial_rivers,
          chequers_serial_rivers_room_b, chequers_serial_rivers_marsh,
          chequers_serial_rivers_large_b, chequers_serial_rivers_small_3,
          chequers_serial_rivers_marsh, minivault_14, grunt_ministairs_15,
          minmay_misc_feat_columns
D:4:      layout_basic, serial_corexii_hall, corexii_hall_statues_x,
          corexii_hall_statues_u, nicolae_kite_square_tiling_tiny,
          minmay_misc_feat_plants, minmay_misc_feat_roman
D:5:      minmay_clustersquares, layout_basic,
          nicolae_wu_jian_immortal_techniques, serial_shops, kennysheep_mini,
          minmay_misc_feat_nine_boxes
D:6:      layout_basic, okawaru_gym_becter, minmay_temple_entry_statues_pillars
D:7:      layout_basic, chequers_temple_overflow_minitemple
D:8:      kennysheep_housing_project, layout_gridville,
          lightli_bailey_entry_fortress, minmay_splitting_lines
D:9:      layout_gridville, hex_large
D:10:     layout_basic
D:11:     layout_cave_pods, dpeg_oklobed_lair, david_orc_4, uniq_erica
D:12:     layout_layer_cave
D:13:     layout_roguey

Skill      XL: |  1  2  3  4  5  6  7  8  9 10 11 |
---------------+----------------------------------+-----
Stealth        | 1 2 3 5 6 9 10 | 10.0
Unarmed Combat | 4 5 6 9 10 | 10.0
Dodging        | 6 9 10 12 | 12.0
Fighting       | 6 |  6.0
Evocations     | 11 10 | 11.9

Action                   |  1- 3 |  4- 6 |  7- 9 | 10-12 || total
-------------------------+-------+-------+-------+-------++-------
Melee: Unarmed           |   108 |   115 |   385 |   258 ||   866
       Bite              |    10 |    13 |    49 |    34 ||   106
       Punch             |     4 |     5 |    21 |    17 ||    47
Invok: Berserk           |     2 |     4 |     9 |     8 ||    23
       Trog's Hand       |       |     1 |     4 |     3 ||     8
  Use: Scroll            |    15 |     3 |     5 |     3 ||    26
       Potion            |       |       |       |     1 ||     1
 Stab: Sleeping          |     8 |     5 |    11 |     8 ||    32
       Distracted        |       |     1 |       |     1 ||     2
Armor: Skin              |     7 |     1 |    13 |    18 ||    39
Dodge: Dodged            |    58 |    76 |   413 |   315 ||   862
